 Dungeon Crawl Stone Soup version 0.27.1-1-g398f81649c (webtiles) character file.

Game seed: 6626905177798206992

5593 boopmooplesden the Blocker (level 10, -2/88 HPs)
             Began as a Minotaur Fighter on Sept 15, 2021.
             Was an Initiate of Ashenzari.
             Slain by a boulder beetle (21 damage)
             ... on level 7 of the Dungeon.
             The game lasted 00:08:24 (6886 turns).

boopmooplesden the Blocker (Minotaur Fighter)       Turns: 6886, Time: 00:08:25

Health: -2/88      AC: 11    Str: 23    XL:     10   Next: 45%
Magic:  9/9        EV: 10    Int:  5    God:    Ashenzari [......]
Gold:   431        SH: 12    Dex: 11    Spells: 9/9 levels left

rFire    + + +     SeeInvis .   C - +8 falchion of Sestayri {flame, +Rage rElec rF++ rC+}
rCold    . . .     Faith    .   c - +0 kite shield
rNeg     . . .     Spirit   .   b - +0 scale mail
rPois    .         Reflect  .   (helmet restricted)
rElec    +         Harm     .   (no cloak)
rCorr    .         Rampage  .   w - +0 pair of gloves
Will     .....                  k - +0 pair of boots
Stlth    ..........             (no amulet)
HPRegen  0.24/turn              o - +4 ring of slaying
MPRegen  0.11/turn              j - ring of fire

@: studying Polearms
A: horns 2, retaliatory headbutt
a: Renounce Religion, Evoke Berserk Rage, Curse Item


You were on level 7 of the Dungeon.
You worshipped Ashenzari.
Ashenzari was noncommittal.
You visited 2 branches of the dungeon, and saw 8 of its levels.

You collected 431 gold pieces.

Inventory:

Hand Weapons
 a - a +1 war axe
 C - the +8 falchion of Sestayri (weapon) {flame, +Rage rElec rF++ rC+}
   (You took it off a centaur on level 5 of the Dungeon)

   It burns those it strikes, dealing additional fire damage.
   Big, fiery blades are also staple armaments of hydra-hunters.
   rF:        It greatly protects you from fire.
   rC:        It protects you from cold.
   rElec:     It insulates you from electricity.
   +Rage:     It lets you go berserk.
Missiles
 n - 12 boomerangs (quivered)
Armour
 b - a +0 scale mail (worn)
 c - a +0 kite shield (worn)
 k - a +0 pair of boots (worn)
 w - a +0 pair of gloves (worn)
Jewellery
 e - a ring of wizardry
 j - a ring of fire (right hand)
 o - a +4 ring of slaying (left hand)
 u - an amulet of magic regeneration
 A - a +6 ring of dexterity
 B - a ring of wizardry
 H - a +4 ring of protection
 J - a ring of wizardry
Wands
 s - a wand of flame (34)
 D - a wand of polymorph (10)
 G - a wand of iceblast (5)
Scrolls
 h - 9 scrolls of identify
 i - a scroll of teleportation
 p - a scroll of magic mapping
 q - 2 scrolls of immolation
 r - a scroll of enchant weapon
 t - a scroll of fear
 v - a scroll of fog
 y - 2 scrolls of summoning
 E - a scroll of silence
 F - a scroll of amnesia
Potions
 d - a potion of might
 f - a potion of lignification
 g - a potion of curing
 l - a potion of haste
 m - 3 potions of degeneration
 x - a potion of cancellation
 z - a potion of brilliance
 I - a potion of magic


   Skills:
 + Level 7.6 Fighting
 + Level 6.7 Long Blades
 + Level 9.0 Axes
 + Level 0.2 Throwing
 + Level 9.1 Armour
 + Level 5.2 Dodging
 + Level 1.9 Stealth
 + Level 9.3 Shields


You had 9 spell levels left.
You didn't know any spells.
Your spell library contained the following spells:

 Spells                   Type           Power      Damage    Failure   Level
 Stone Arrow              Conj/Erth      0%         3d7       100%        3
 Animate Dead             Necr           0%         N/A       100%        4
 Bolt of Magma            Conj/Fire/Erth 0%         4d4       100%        5
 Borgnjor's Vile Clutch   Necr/Erth      0%         N/A       100%        5
 Death Channel            Necr           0%         N/A       100%        6
 Haunt                    Necr/Summ      0%         N/A       100%        7
 Infestation              Necr           0%         N/A       100%        8
 Shatter                  Erth           0%         3d5*      100%        9


Dungeon Overview and Level Annotations

Branches:
Dungeon (7/15)             Temple (1/1) D:7

Altars:
Ashenzari
Dithmenos
Elyvilon
Fedhas
Gozag
Hepliaklqana
Kikubaaqudgha
Makhleb
Nemelex Xobeh
Okawaru
Qazlal
Ru
Sif Muna
Trog
Uskayaw
Vehumet
Wu Jian
Xom
Yredelemnul
Zin
The Shining One
Beogh

Shops:
D:6 **


Innate Abilities, Weirdness & Mutations

You have a pair of horns on your head.
You reflexively headbutt those who attack you in melee.


Message History

You block the troll's attack. The troll claws you!
You hit the troll but do no damage. You headbutt the troll.
The troll is severely wounded.
You block the troll's attack. x2; The troll closely misses you.
You barely miss the troll.
You headbutt the troll, but do no damage.
The troll is severely wounded.
You block the troll's attack. The troll barely misses you.
You block the troll's attack.
You slash the troll! You burn the troll.
You kill the troll!
A killer bee comes into view.
The killer bee moves out of view.
A killer bee is nearby!
The killer bee buzzes angrily.
You block the killer bee's attack.
There is an open door here.
You slash the killer bee! You burn the killer bee.
You kill the killer bee!
A boulder beetle comes into view.
You see here a killer bee corpse.
You hit the boulder beetle but do no damage.
The boulder beetle bites you!!
You slice the boulder beetle!! You burn the boulder beetle.
The boulder beetle is moderately wounded.
The boulder beetle completely misses you.
You slash the boulder beetle! You burn the boulder beetle.
You headbutt the boulder beetle.
The boulder beetle is heavily wounded.
A vampire mosquito comes into view.
The boulder beetle bites you!!
The vampire mosquito buzzes angrily.
You hit the boulder beetle but do no damage.
The boulder beetle is heavily wounded.
The boulder beetle bites you!
* * * LOW HITPOINT WARNING * * *
You hit the boulder beetle but do no damage.
The boulder beetle is heavily wounded.
The boulder beetle bites you!!
You die...

..........###.................#..
............#.##...#...........##
.........####......##.........###
......#####.###...##.............
......#####...###................
.#.......#......#....))..........
.....#..##..#..###....)......#...
....#####......B.###....###..###.
......#.#'#...##@..#...###...#...
.....##.H.###.#..†##.............
.....#.†T.).#####÷'..........###.
....##..#.†...# ###..............
#...#...###..## ###............
...##..## ...# ###..##....#.
...#.... #..## ###........
#..###.. ...# #........
.....###...## .#...<..


You could see a boulder beetle.

Vanquished Creatures
  A two-headed ogre (D:7)
  The ghost of Jozx the Geomancer, a novice GrEE of Vehumet (D:7)
  A manticore (D:7)
  Maggie (D:6)
  A troll (D:7)
  A steam dragon (D:7)
  A warg (D:7)
  A water moccasin (D:7)
  A black bear (D:7)
  2 sky beasts
  An ice beast (D:5)
  2 orc warriors (D:7)
  4 ogres
  2 necrophages
  4 centaurs
  4 phantoms
  Blork the orc (D:6)
  A bullfrog (D:7)
  4 scorpions
  A water moccasin skeleton (D:4)
  A killer bee (D:7)
  2 vampire bats (D:6)
  2 howler monkeys
  5 hounds
  5 bullfrog zombies
  A centaur skeleton (D:5)
  2 orc priests (D:4)
  A jelly (D:7)
  A gnoll shaman (D:7)
  2 bullfrog skeletons
  Natasha (twice) (D:3)
  5 iguanas
  2 orc wizards
  A killer bee zombie (D:5)
  2 hound skeletons (D:4)
  A howler monkey zombie (D:7)
  4 gnolls (D:7)
  5 adders
  2 shadow imps
  A worm (D:5)
  3 dart slugs
  21 orcs
  9 ball pythons
  11 bats
  5 endoplasms
  A giant cockroach (D:4)
  A goblin (D:2)
  6 hobgoblins
  2 quokkas
  2 frilled lizards
  9 kobolds
  5 rats
157 creatures vanquished.

Vanquished Creatures (others)
  A plant (D:6)
1 creature vanquished.

Grand Total: 158 creatures vanquished

Notes
Turn   | Place    | Note
-------+----------+-------------------------------------------
     0 | D:1      | boopmooplesden the Minotaur Fighter began the quest for the
                  | Orb.
     0 | D:1      | Reached XP level 1. HP: 19/19 MP: 0/0
    41 | D:1      | Found a faded altar of an unknown god.
   269 | D:1      | Reached XP level 2. HP: 25/27 MP: 1/1
   753 | D:2      | Noticed a phantom
   768 | D:2      | Killed a phantom
   769 | D:2      | Reached skill level 1 in Dodging
   769 | D:2      | Reached XP level 3. HP: 25/33 MP: 2/2
   769 | D:2      | Reached XP level 4. HP: 31/40 MP: 3/3
  1632 | D:3      | Noticed Natasha
  1635 | D:3      | Killed Natasha
  1636 | D:3      | Reached XP level 5. HP: 43/46 MP: 4/4
  1723 | D:3      | Noticed a necrophage
  1727 | D:3      | Killed a necrophage
  1728 | D:3      | Reached skill level 5 in Armour
  1728 | D:3      | Reached skill level 5 in Shields
  1946 | D:3      | Noticed Natasha
  1951 | D:3      | Killed Natasha
  1952 | D:3      | Reached XP level 6. HP: 50/53 MP: 5/5
  2255 | D:4      | Reached XP level 7. HP: 12/60 MP: 6/6
  2572 | D:4      | Reached skill level 5 in Axes
  3025 | D:4      | Reached skill level 5 in Fighting
  3482 | D:5      | Entered Level 5 of the Dungeon
  3589 | D:5      | Reached XP level 8. HP: 48/68 MP: 7/7
  3747 | D:5      | Reached skill level 1 in Stealth
  4192 | D:5      | Identified the +8 falchion of Sestayri {flame, +Rage rElec
                  | rF++ rC+}
  4659 | D:6      | Reached XP level 9. HP: 75/75 MP: 8/8
  4692 | D:6      | Noticed a boulder beetle
  4699 | D:6      | Reached skill level 1 in Long Blades
  4699 | D:6      | Found Bunniag's General Store.
  4699 | D:6      | Found Omaralui's Specific Store.
  5116 | D:7      | Found a staircase to the Ecumenical Temple.
  5129 | Temple   | Entered the Ecumenical Temple
  5253 | Temple   | Became a worshipper of Ashenzari the Shackled
  5420 | D:7      | Noticed Jozx's ghost (novice GrEE)
  5421 | D:7      | Found a runed translucent gate.
  5422 | D:7      | Found a runed translucent gate.
  5423 | D:7      | Found a runed translucent gate.
  5439 | D:7      | Killed Jozx's ghost
  5869 | D:6      | Noticed Maggie
  5875 | D:6      | Killed Maggie
  5916 | D:6      | Noticed Blork the orc
  5924 | D:6      | Killed Blork the orc
  5925 | D:6      | Reached skill level 5 in Long Blades
  6446 | D:7      | Reached XP level 10. HP: 71/84 MP: 9/9
  6530 | D:7      | Noticed a two-headed ogre
  6533 | D:7      | Killed a two-headed ogre
  6534 | D:7      | Reached skill level 5 in Dodging
  6566 | D:7      | Noticed a manticore
  6852 | D:7      | Killed a manticore
  6880 | D:7      | Noticed a boulder beetle
  6886 | D:7      | Slain by a boulder beetle

Illustrated notes

Levels and vault maps discovered:
D:1:      scummos_arrival_star, layout_basic,
          ebering_ecumenical_altar_abandoned, serial_aquarium,
          aquarium_bridge_square [aquarium_subvault_bridge,
          aquarium_subvault_wall, aquarium_subvault_wall,
          aquarium_subvault_bridge], aquarium_bridge_straight
          [aquarium_subvault_bridge, aquarium_subvault_wall,
          aquarium_subvault_bridge, aquarium_subvault_wall], aquarium_window_3,
          aquarium_window_fake, aquarium_window_double, aquarium_view_2c,
          dk_noncrumbling_3, chequers_serial_rivers_marsh
D:2:      layout_basic, minmay_fractal_squares_gapless_5
D:3:      minmay_wonky_spiral, layout_basic, uniq_natasha
D:4:      layout_basic, serial_curves, eino_curves_04, eino_curves_03
D:5:      minmay_opposing_rooms, layout_rooms
D:6:      layout_gridville, roderic_batcave, nicolae_specific_store,
          chequers_big_river, minmay_manual_mess, uniq_blork_the_orc,
          uniq_maggie
D:7:      minmay_slanted_spiral_squares, layout_cave_pools,
          minmay_temple_entry_sparse_star, biasface_ghost_orc_armoury
Temple:   kilobyte_greek_temple

Skill      XL: |  1  2  3  4  5  6  7  8  9 10 |
---------------+-------------------------------+-----
Shields        | 4 5 6 7 8 9 |  9.3
Armour         | 4 5 6 8 9 |  9.1
Fighting       | 4 5 6 7 |  7.6
Axes           | 3 4 6 8 9 |  9.0
Dodging        | 1 3 4 5 |  5.2
Stealth        | 1 |  1.9
Long Blades    | 5 6 |  6.7
Throwing       | |  0.2

Action                   |  1- 3 |  4- 6 |  7- 9 | 10-12 || total
-------------------------+-------+-------+-------+-------++-------
Melee: War axe           |    48 |    69 |   111 |       ||   228
       Headbutt          |     9 |    12 |    43 |     8 ||    72
       Falchion          |       |       |   105 |    36 ||   141
Throw: Boomerang         |       |     1 |     1 |     2 ||     4
  Use: Scroll            |     7 |     1 |       |     1 ||     9
Armor: Scale mail        |    26 |    32 |    88 |    10 ||   156
Dodge: Dodged            |    19 |    21 |    94 |    17 ||   151
Block: Kite shield       |    36 |    49 |   147 |    28 ||   260
       Rpst.: Falchion   |       |       |    15 |     2 ||    17
